 Dungeon Crawl Stone Soup version 0.29-a0-1014-ga8c0faee3b (webtiles) character file.

Game seed: 47978053479792684

18853 Kinoniko the Severer (level 12, -2/106 HPs)
             Began as a Minotaur Berserker on Aug 9, 2022.
             Was an Elder of Trog.
             Killed by divine providence
             ... invoked by a smoke demon
              (13 damage)
             ... in a Gauntlet.
             The game lasted 00:12:39 (12612 turns).

Kinoniko the Severer (Minotaur Berserker)          Turns: 12612, Time: 00:12:40

Health: -2/106     AC: 12    Str: 24    XL:     12   Next: 31%
Magic:  11/11      EV: 28    Int:  6    God:    Trog [****..]
Gold:   766        SH:  0    Dex: 11    Spells: 11/11 levels left

rFire   + . .      SeeInvis .   N - +6 broad axe (flame)
rCold   . . .      Faith    .   (no shield)
rNeg    . . .      Spirit   .   K - +2 ring mail {rF+}
rPois   +          Reflect  .   r - +1 hat {Stlth+}
rElec   .          Harm     .   p - +0 cloak
rCorr   .          Rampage  .   (no gloves)
Will    ++...      NoTele   +   R - +0 pair of boots
Stlth   ++........              f - amulet of the acrobat
HPRegen 1.27/turn               E - +4 ring of slaying
MPRegen 0.12/turn               M - ring of poison resistance

@: strong-willed, on berserk cooldown, acrobatic, regenerating, slowed, studying
Armour, very slow
A: horns 2, retaliatory headbutt
a: Renounce Religion, Berserk, Trog's Hand, Brothers in Arms


You were in a Gauntlet.
You worshipped Trog.
Trog was greatly pleased with you.
You visited 2 branches of the dungeon, and saw 12 of its levels.
You also visited: Bailey and Gauntlet.

You collected 766 gold pieces.

Inventory:

Hand Weapons
 a - a +1 hand axe
 v - a +0 war axe
 I - the +4 hand axe of Qodoguto {antimagic, rPois rC+}
   (You found it on level 7 of the Dungeon)

   It reduces the magical energy of the wielder, and disrupts the spells and
   magical abilities of those it strikes.
   Natural abilities and divine invocations are not affected.
   rC:        It protects you from cold.
   rPois:     It protects you from poison.
 N - a +6 broad axe of flaming (weapon)
Missiles
 F - 8 datura-tipped darts (quivered)
Armour
 b - a +0 animal skin
 o - a +0 scale mail
 p - a +0 cloak (worn)
 r - a +1 hat of stealth (worn)
 y - a +0 chain mail
 K - a +2 ring mail of fire resistance (worn)
 R - a +0 pair of boots (worn)
Jewellery
 f - an amulet of the acrobat (around neck)
 i - an amulet of reflection
 l - the ring of Reud {Ice rElec Str+2 Int-4 Stlth+}
   (You found it on level 2 of the Dungeon)

   [ring of ice]

   It enhances your ice magic.
   Str:       It affects your strength (+2).
   Int:       It affects your intelligence (-4).
   rF:        It makes you vulnerable to fire.
   rC:        It protects you from cold.
   rElec:     It insulates you from electricity.
   Stlth:     It makes you more stealthy.
 E - a +4 ring of slaying (left hand)
 M - a ring of poison resistance (right hand)
Wands
 s - a wand of flame (30)
 u - a wand of mindburst (20)
 G - a wand of digging (11)
Scrolls
 d - 3 scrolls of teleportation
 h - a scroll of enchant armour
 k - 3 scrolls of silence
 m - 2 scrolls of amnesia
 n - a scroll of vulnerability
 x - a scroll of summoning
 D - 2 scrolls of blinking
 H - 2 scrolls of fog
 P - a scroll of torment {unknown}
Potions
 c - 2 potions of attraction
 e - 2 potions of cancellation
 g - 10 potions of curing
 q - 3 potions of heal wounds
 w - 3 potions of brilliance
 z - a potion of invisibility {unknown}
 A - 2 potions of might {unknown}
 B - a potion of flight
 C - 2 potions of lignification
 J - a potion of experience {unknown}
 L - a potion of haste
 O - a potion of resistance {unknown}
 Q - a potion of ambrosia


   Skills:
 * Level 10.1 Fighting
 - Level 20.1 Axes
 + Level 7.3 Armour
 + Level 6.4 Dodging


You had 11 spell levels left.
You didn't know any spells.
Your spell library was empty.

Dungeon Overview and Level Annotations

Branches:
Dungeon (11/15)            Temple (0/1) D:4            Lair (1/5) D:11
    Orc (0/2) D:11         Bailey (visited)         Gauntlet (1/1)

Altars:
Dithmenos
Fedhas
Gozag
Uskayaw
Jiyva

Annotations:
D:10 3 runed translucent doors, Syrinius's ghost, journeyman MeTm Gauntlet 9 transporters


Innate Abilities, Weirdness & Mutations

You have a pair of horns on your head.
You reflexively headbutt those who attack you in melee.


Message History

Unknown command.
Unknown command.
You are too injured to fight recklessly!
Unknown command.
You are too injured to fight recklessly!
You are too injured to fight recklessly!
Unknown command.
Unknown command.
You are too injured to fight recklessly!
The hellion gestures at you.
The sphere of damnation explodes!
The damnation engulfs you!!
The damnation engulfs the hellion.
The hellion completely resists.
The hellion completely misses you.
Okay, then.
You closely miss the hellion.
You headbutt the hellion, but do no damage.
The hellion hits you.
* * * LOW HITPOINT WARNING * * *
Unknown command.
Your skin crawls.
You feel strong-willed. The hellion gestures at you.
The sphere of damnation explodes!
The damnation engulfs you!!
* * * LOW HITPOINT WARNING * * *
The damnation engulfs the hellion.
The hellion completely resists.
The hellion misses you.
The smoke demon enters a dispersal trap!
The hellion blinks!
The hellion enters a dispersal trap!
The smoke demon blinks! x3; You blink.
The hellion blinks! x2; You blink.
The smoke demon blinks!
Your ogre goes berserk!
Trog will no longer gift you weapons.
The hellion enters a dispersal trap!
The smoke demon blinks! x2
Your ogre blinks!
You blink.
The hellion blinks!
Unknown command.
Unknown command.
The smoke demon gestures at your ogre. Something smites you!
You die...

...©.#∩.#©.#©#b.#©©#©..###
.#...#..#...###t#..#....#©
#.©.#8.#=...#hb#..#...#..
#...#..#bhb.bbh#..#...#..
#...#..#########..#..#...
#..##..........#..#######
#.###..#########..#......
## #≈..#..8#832#..#......
##..#@..8...#..#..##≈#
#§..#..8O8.8#..#..≈###
##..#©8^©§8##©.#..## #
#≈..#$.8.8.8#..#.§§# #
##..#(§.8...####..## #
#§..#..8#8.§#.....§# #
##..#########....### #
#§.§...........#≈#
##§..........#§###


You could see a fire crab, a smoke demon (ally target), a hellion, 3 hell
hounds, 5 fire bats and a friendly ogre (summoned, berserk).

Vanquished Creatures
  Gastronok (D:8)
  A two-headed ogre (D:9)
  Sonja (Lair:1)
  A fire crab (Gauntlet)
  Pikel (D:7)
  A worldbinder (Gauntlet)
  Joseph (D:8)
  An unseen horror (D:10)
  Maggie (D:10)
  Psyche (D:8)
  2 kobold demonologists
  A hornet (D:10)
  2 trolls (D:11)
  3 slime creatures (D:5)
  A shadow (D:11)
  31 yaks
  4 fire bats (Gauntlet)
  5 wyverns
  A basilisk (Lair:1)
  A swamp worm (D:7)
  6 water moccasins
  A hell hound (Gauntlet)
  9 orc warriors
  2 ice beasts
  An ogre (D:6)
  3 wolves (Lair:1)
  3 boggarts (Gauntlet)
  3 centaurs
  2 phantoms
  10 kobold brigands
  3 lemures (D:7)
  4 bullfrogs
  3 necrophages
  4 scorpions
  6 wights (D:7)
  17 killer bees
  4 howler monkeys
  5 jellies
  3 gnoll boudas
  6 orc priests
  6 hounds
  Jessica (D:3)
  Terence (D:2)
  7 orc wizards
  An iguana (D:6)
  7 adders
  12 gnolls
  3 shadow imps
  3 white imps
  2 worms (D:3)
  3 dart slugs
  33 orcs
  13 endoplasms
  4 giant cockroaches
  8 hobgoblins
  4 jackals (D:1)
  3 quokkas
  4 ball pythons
  2 bats
  3 frilled lizards
  8 goblins
  31 kobolds
  11 rats
326 creatures vanquished.

Vanquished Creatures (others)
  9 fungi
  11 plants
  4 toadstools (D:5)
24 creatures vanquished.

Grand Total: 350 creatures vanquished

Notes
Turn   | Place    | Note
-------+----------+-------------------------------------------
     0 | D:1      | Kinoniko the Minotaur Berserker began the quest for the
                  | Orb.
     0 | D:1      | Reached XP level 1. HP: 19/19 MP: 0/0
    58 | D:1      | Reached skill level 4 in Axes
   195 | D:1      | Reached XP level 2. HP: 17/26 MP: 1/1
   691 | D:1      | Reached skill level 5 in Axes
   767 | D:1      | Reached XP level 3. HP: 30/31 MP: 2/2
  1111 | D:2      | Found a blossoming altar of Fedhas.
  1152 | D:2      | Reached ** piety under Trog
  1502 | D:2      | Reached skill level 6 in Axes
  1502 | D:2      | Reached XP level 4. HP: 28/39 MP: 3/3
  1632 | D:2      | Identified the ring of Reud {Ice rElec Str+2 Int-4 Stlth+}
  1709 | D:2      | Noticed Terence
  1718 | D:2      | Killed Terence
  1987 | D:3      | Noticed Jessica
  1994 | D:3      | Reached XP level 5. HP: 43/45 MP: 4/4
  1995 | D:3      | Reached skill level 7 in Axes
  1997 | D:3      | Killed Jessica
  2574 | D:4      | Reached skill level 8 in Axes
  2574 | D:4      | Reached XP level 6. HP: 42/51 MP: 5/5
  2786 | D:4      | Reached skill level 9 in Axes
  2862 | D:4      | Found a blossoming altar of Fedhas.
  2863 | D:4      | Reached *** piety under Trog
  2916 | D:4      | Reached XP level 7. HP: 37/57 MP: 6/6
  3096 | D:4      | Found a staircase to the Ecumenical Temple.
  3398 | D:5      | Entered Level 5 of the Dungeon
  3708 | D:5      | Found a shadowy altar of Dithmenos.
  3776 | D:5      | Reached skill level 10 in Axes
  4107 | D:5      | Reached skill level 11 in Axes
  4163 | D:5      | Reached XP level 8. HP: 64/64 MP: 7/7
  4274 | D:5      | Noticed a slime creature
  4275 | D:5      | Noticed a slime creature
  4275 | D:5      | Noticed a slime creature
  4281 | D:5      | Reached skill level 12 in Axes
  4285 | D:5      | Killed a slime creature
  4291 | D:5      | Killed a slime creature
  4292 | D:5      | Reached skill level 13 in Axes
  4292 | D:5      | Killed a slime creature
  4568 | D:6      | Reached skill level 14 in Axes
  4637 | D:6      | Reached XP level 9. HP: 24/70 MP: 8/8
  4756 | D:6      | Reached **** piety under Trog
  5564 | D:7      | Noticed Pikel
  5577 | D:7      | Killed Pikel
  5578 | D:7      | Reached skill level 15 in Axes
  6137 | D:7      | Identified the +4 hand axe of Qodoguto {antimagic, rPois
                  | rC+}
  6164 | D:7      | Reached skill level 16 in Axes
  6869 | D:8      | Noticed Joseph
  6879 | D:8      | Killed Joseph
  6999 | D:8      | Reached skill level 17 in Axes
  7001 | D:8      | Noticed Psyche
  7004 | D:8      | Reached XP level 10. HP: 77/77 MP: 3/9
  7016 | D:8      | Killed Psyche
  7322 | D:8      | Noticed Gastronok
  7339 | D:8      | Killed Gastronok
  7340 | D:8      | Reached skill level 18 in Axes
  7779 | D:9      | Found a flagged portal.
  7788 | Bailey   | Entered a bailey
  7817 | Bailey   | Reached skill level 19 in Axes
  7876 | Bailey   | Found a burning altar of Makhleb.
  8374 | D:9      | Reached XP level 11. HP: 62/82 MP: 3/10
  8693 | D:9      | Reached ***** piety under Trog
  8847 | D:9      | Noticed a two-headed ogre
  8855 | D:9      | Killed a two-headed ogre
  8856 | D:9      | Reached skill level 20 in Axes
  9392 | D:10     | Entered Level 10 of the Dungeon
  9456 | D:10     | Reached skill level 5 in Fighting
  9609 | D:10     | Noticed a sun demon
 10042 | D:10     | Noticed Maggie
 10054 | D:10     | Killed Maggie
 10405 | D:10     | Paralysed by a hornet for 2 turns
 10722 | D:10     | Found a hide-covered altar of Uskayaw.
 10722 | D:10     | Found an opulent altar of Gozag.
 10825 | D:10     | Found a runed translucent gate.
 10825 | D:10     | Found a runed translucent gate.
 10825 | D:10     | Found a runed translucent gate.
 10828 | D:10     | Noticed a great orb of eyes
 10829 | D:10     | Noticed Syrinius's ghost (journeyman MeTm)
 11003 | D:10     | Found a viscous altar of Jiyva.
 11105 | D:11     | Found a staircase to the Lair.
 11107 | D:11     | Reached skill level 5 in Armour
 11416 | D:11     | Noticed a sun demon
 11421 | D:11     | Reached skill level 5 in Dodging
 11690 | D:11     | Found a staircase to the Orcish Mines.
 11931 | Lair:1   | Entered Level 1 of the Lair of Beasts
 11935 | Lair:1   | Noticed Sonja
 11945 | Lair:1   | Killed Sonja
 11964 | Lair:1   | Reached XP level 12. HP: 66/103 MP: 11/11
 11967 | Lair:1   | Found a gate leading to a gauntlet.
 12225 | Lair:1   | Received a gift from Trog
 12247 | Gauntlet | Entered a Gauntlet
 12247 | Gauntlet | Found a transporter.
 12247 | Gauntlet | Found a transporter.
 12264 | Gauntlet | Found a transporter.
 12276 | Gauntlet | Found a transporter.
 12294 | Gauntlet | Found a transporter.
 12294 | Gauntlet | Found a transporter.
 12294 | Gauntlet | Found a transporter.
 12296 | Gauntlet | Found a transporter.
 12296 | Gauntlet | Found a transporter.
 12305 | Gauntlet | Noticed a balrug
 12309 | Gauntlet | Found a transporter.
 12325 | Gauntlet | Found a transporter.
 12335 | Gauntlet | Found a transporter.
 12340 | Gauntlet | Found a transporter.
 12374 | Gauntlet | Found a transporter.
 12472 | Gauntlet | Reached skill level 10 in Fighting
 12612 | Gauntlet | Identified the amulet "Vioth" {Reflect rN++ Will+ SH+5}
 12612 | Gauntlet | Killed from afar by a smoke demon

Illustrated notes

Levels and vault maps discovered:
D:1:      sevenhm_arrival_forest_fort_large_4, layout_basic, serial_forest,
          infiniplex_forest_fountain, infiniplex_forest_clump_double,
          infiniplex_forest_clump_diagonal, infiniplex_forest_clump_small,
          infiniplex_forest_split, infiniplex_forest_end_3,
          infiniplex_forest_straight_5, infiniplex_forest_clump_small
D:2:      layout_rooms, basic_altar, uniq_terence
D:3:      layout_rooms, minmay_mini_jars, uniq_jessica
D:4:      layout_layer_cave, mainiacjoe_overflow_cross_hatched,
          minmay_temple_entry_glassed_door
D:5:      cheibrodos_fertilizer, layout_loops_ring,
          lemuel_coloured_pillars_altar, nrook_uturn
D:6:      layout_rooms
D:7:      layout_cave_pods, worms_lemuel, uniq_pikel
D:8:      layout_rooms, uniq_psyche, uniq_gastronok, uniq_joseph
D:9:      layout_loops_ring, enter_bailey_1
D:10:     layout_loops_ring, gammafunk_temple_overflow_wave,
          gammafunk_ghost_ooze, uniq_maggie
D:11:     layout_irregular_city, minmay_lair_entry_grove, orc_0_dummy
Lair:1:   layout_misc_corridors, basic_altar, gauntlet_entry_generic,
          minmay_stone_trees_large, serial_bayou_shore_b,
          infiniplex_staircase_pool_2, uniq_sonja
Gauntlet: gammafunk_gauntlet_mixed_choke_point [minmay_gauntlet_arena_77_mess,
          minmay_gauntlet_arena_77_chump_sandwich,
          minmay_gauntlet_arena_77_mirror, nicolae_gauntlet_swirl,
          minmay_gauntlet_arena_77_terracotta_army,
          minmay_gauntlet_arena_77_double_cross, minmay_gauntlet_arena_77_fan,
          dreamdust_gauntlet_exit_labyrinth]

Skill      XL: |  1  2  3  4  5  6  7  8  9 10 11 12 |
---------------+-------------------------------------+-----
Axes           | 4 5 6 8 9 11 14 17 19 20 | 20.1
Fighting       | 8 10 | 10.1
Armour         | 6 7 |  7.3
Dodging        | 5 6 |  6.4

Action                   |  1- 3 |  4- 6 |  7- 9 | 10-12 || total
-------------------------+-------+-------+-------+-------++-------
Melee: Hand axe          |   102 |   128 |   166 |   222 ||   618
       Headbutt          |    18 |    19 |    36 |    61 ||   134
       Punch             |     1 |     2 |     1 |     3 ||     7
       War axe           |       |       |    47 |       ||    47
       Broad axe         |       |       |       |   103 ||   103
Invok: Berserk           |       |     3 |    10 |    16 ||    29
       Trog's Hand       |       |       |     2 |     1 ||     3
       Brothers in Arms  |       |       |       |     1 ||     1
  Use: Scroll            |       |     5 |     6 |    16 ||    27
       Potion            |       |       |     5 |       ||     5
 Stab: Sleeping          |       |       |       |     1 ||     1
Armor: Animal skin       |     9 |     1 |       |       ||    10
       Scale mail        |       |    28 |    22 |       ||    50
       Chain mail        |       |       |    32 |    31 ||    63
       Ring mail         |       |       |       |    41 ||    41
Dodge: Dodged            |    50 |    57 |    97 |   176 ||   380

Table legend: (Time is in decaauts)
 A = Elapsed time spent in this place.
 B = Non-inter-level travel time spent in this place.
 C = Inter-level travel time spent in this place.
 D = Time resting spent in this place.
 E = Time spent auto-exploring this place.
 F = Levels seen in this place.
 G = Mean time per level.
                   A        B        C        D        E       F      G
               +--------+--------+--------+--------+--------+-----+--------+
         Total |  12707 |  12381 |    326 |   1917 |   8860 |  14 |  907.6 |
       Dungeon |  11557 |  11251 |    306 |   1386 |   8531 |  11 | 1050.6 |
          Lair |    321 |    302 |     19 |    155 |     83 |   1 |  321.0 |
        Bailey |    438 |    438 |      0 |    296 |     46 |   1 |  438.0 |
      Gauntlet |    388 |    388 |      0 |     80 |    199 |   1 |  388.0 |
               +--------+--------+--------+--------+--------+-----+--------+

Top non-repeatable levels by time:
     D:7: 1666 daAuts
    D:10: 1664 daAuts
     D:9: 1187 daAuts
     D:5: 1153 daAuts
     D:1: 1115 daAuts
     D:8: 923 daAuts
    D:11: 891 daAuts
     D:4: 831 daAuts
     D:2: 794 daAuts
     D:3: 676 daAuts
     D:6: 651 daAuts
  Bailey: 438 daAuts
Gauntlet: 388 daAuts
  Lair:1: 321 daAuts
